 Dungeon Crawl Stone Soup version 0.30-a0-585-g93115170b9 (webtiles) character file.

Game seed: 12684240760257295596

105 BlackLaughter the Grave Robber (level 4, 0/30 HPs)
             Began as a Vampire Necromancer on Jan 2, 2023.
             Killed by divine providence
             ... invoked by an orc priest
              (12 damage)
             ... on level 3 of the Dungeon.
             The game lasted 00:12:05 (2565 turns).

BlackLaughter the Grave Robber (VpNe)               Turns: 2565, Time: 00:12:06

Health: 0/30       AC:  7    Str:  7    XL:     4   Next: 53%
Magic:  1/8        EV:  7    Int: 19    God:
Gold:   34         SH:  0    Dex: 14    Spells: 7/8 levels left

rFire   . . .      SeeInvis +    l - +0 demon trident
rCold   . . .      Faith    .    (no shield)
rNeg    . . .      Spirit   .    c - +0 scale mail
rPois   .          Reflect  .    (no helmet)
rElec   .          Harm     .    (no cloak)
rCorr   .          Rampage  .    p - +0 pair of gloves
Will    .....                    (no boots)
Stlth   +                        (no amulet)
HPRegen 0.45/turn                (no ring)
MPRegen 0.11/turn                (no ring)

@: healing quickly
A: alive, fangs 3, see invisible, vampiric 2
a: Exsanguinate


You were on level 3 of the Dungeon.
You visited 1 branch of the dungeon, and saw 3 of its levels.

You collected 34 gold pieces.

Inventory:

Hand Weapons
 l - a +0 demon trident (weapon)
Armour
 a - a +0 robe
 c - a +0 scale mail (worn)
 f - a +0 pair of gloves
 p - a +0 pair of gloves (worn)
Scrolls
 e - a scroll of amnesia {unknown}
 g - a scroll of vulnerability {unknown}
 h - a scroll of immolation {unknown}
 k - a scroll of identify {unknown}
 m - a scroll of brand weapon {unknown}
 n - a scroll of noise {unknown}
Potions
 b - a potion of magic
 d - 3 potions of haste {unknown}
 i - a potion of invisibility {unknown}
 j - a potion of lignification {unknown}
 o - 2 potions of curing {unknown}


   Skills:
 + Level 0.1 Polearms
 + Level 0.4 Armour
 + Level 2.2 Dodging
 + Level 3.4 Stealth
 + Level 0.4 Unarmed Combat
 + Level 2.9 Spellcasting
 + Level 5.6 Necromancy


You had 7 spell levels left.
You knew the following spells:

 Your Spells              Type           Power      Damage    Failure   Level
a - Necrotise             Necr           96%        1d8       19%         1

Your spell library contained the following spells:

 Spells                   Type           Power      Damage    Failure   Level
 Vampiric Draining        Necr           24%        2d7       50%         3
 Animate Dead             Necr           24%        N/A       88%         4
 Gell's Gravitas          Tloc           2%         N/A       99%         3
 Lesser Beckoning         Tloc           4%         N/A       99%         3
 Teleport Other           Tloc           2%         N/A       99%         3
 Agony                    Necr           24%        N/A       99%         5


Dungeon Overview and Level Annotations

Branches:
Dungeon (3/15)

Altars:


Innate Abilities, Weirdness & Mutations

Your natural rate of healing is accelerated.
You have razor-sharp teeth.
You have supernaturally acute eyesight. (SInv)
You are afflicted with vampirism and can become a bat while bloodless.


Message History

Your orc skeleton closely misses the orc.
Aiming: Necrotise (safe; 21% risk of failure)
Press: ? - help, Q - select action Shift-Dir - straight line, f - orc
Aim: an orc, wielding a +0 dagger, wearing a +0 leather armour and quivering boomerangs (ally target, chance to affect: 92%)
The orc writhes in agony!
You kill the orc!
The dead are walking!
The orc priest hits your orc skeleton with a +0 dagger.
Your orc skeleton hits the orc priest but does no damage.
The orc priest looks satisfied for a moment.
Your orc wizard skeleton hits the orc priest but does no damage.
Something hits your orc skeleton.
Your orc skeleton is destroyed!
Your orc wizard skeleton hits the orc priest.
Aiming: Necrotise (safe; 19% risk of failure)
Press: ? - help, Q - select action Shift-Dir - straight line, f - you
Okay, then.
The orc priest hits your orc skeleton with a +0 dagger.
Your orc wizard skeleton barely misses the orc priest.
Your orc skeleton closely misses the orc priest.
The orc priest begins to cast a cantrip, but forgets the words!
Your orc wizard skeleton barely misses the orc priest.
Your orc skeleton barely misses the orc priest.
The orc priest hits your orc skeleton with a +0 dagger.
Your orc wizard skeleton hits the orc priest but does no damage.
The orc priest hits your orc skeleton with a +0 dagger.
Your orc skeleton barely misses the orc priest.
The orc priest completely misses your orc skeleton.
Your orc wizard skeleton completely misses the orc priest.
Your orc skeleton hits the orc priest.
The orc priest hits your orc skeleton with a +0 dagger.
Your orc skeleton is destroyed!
Your orc wizard skeleton closely misses the orc priest.
Aiming: Necrotise (safe; 19% risk of failure)
Press: ? - help, Q - select action Shift-Dir - straight line, f - orc priest
Aim: an orc priest, wielding a +0 dagger (lightly wounded, ally target, chance to affect: 83%)
The orc priest writhes in agony.
The orc priest calls down the wrath of Beogh upon you.
Beogh smites you!
You die...

# #.. # #.# #.#.#
#.# o#.## ##'##
.Z. ##...# #o####
##..... #)##.##
#......
#.#...####.......
##........+.......
#@.....####.......
#..#..## ##......
#....## ##.....
#.#..# ##....
#.#..# ##+#.
#....# #...
#####.##### #..#
#.........# ##..#
#.###.###.###
##...#


You could see an orc priest (ally target) and a friendly orc wizard skeleton.

Vanquished Creatures
  An orc wizard (D:3)
  2 adders
  4 dart slugs (D:2)
  7 orcs (D:3)
  2 bats
  5 endoplasms
  A giant cockroach (D:1)
  3 goblins
  3 hobgoblins
  2 jackals (D:3)
  5 kobolds
  2 quokkas (D:2)
  4 ball pythons
  3 frilled lizards (D:1)
  A rat (D:1)
45 creatures vanquished.

Vanquished Creatures (collateral kills)
  A frilled lizard (D:2)
1 creature vanquished.

Grand Total: 46 creatures vanquished

Notes
Turn   | Place    | Note
-------+----------+-------------------------------------------
     0 | D:1      | BlackLaughter the Vampire Necromancer began the quest for
                  | the Orb.
     0 | D:1      | Reached XP level 1. HP: 13/13 MP: 3/3
   309 | D:1      | Reached XP level 2. HP: 19/19 MP: 0/5
  1322 | D:2      | Reached skill level 5 in Necromancy
  1322 | D:2      | Gained mutation: You are afflicted with vampirism and can
                  | become a bat while bloodless. [Vampire growth]
  1322 | D:2      | Reached XP level 3. HP: 24/24 MP: 0/6
  2312 | D:3      | Reached XP level 4. HP: 30/30 MP: 0/8
  2565 | D:3      | Killed from afar by an orc priest

Illustrated notes

Levels and vault maps discovered:
D:1:      evilmike_arrival_crescent, layout_basic
D:2:      layout_loops_cross, hangedman_decor_peaks_small
D:3:      layout_loops_corners, portal_sewer_entry_a, minmay_misc_feat_rugged,
          item_on_display_a, uniq_terence

Skill      XL: |  1  2 |
---------------+-------+-----
Necromancy     | 5 |  5.6
Polearms       | |  0.1
Armour         | |  0.4
Dodging        | |  2.2
Stealth        | |  3.4
Unarmed Combat | |  0.4
Spellcasting   | |  2.9

Action                   |  1- 3 |  4- 6 || total
-------------------------+-------+-------++-------
Melee: Unarmed           |    34 |       ||    34
       Bite              |     4 |       ||     4
       Demon trident     |    10 |     5 ||    15
 Cast: Necrotise         |    60 |    12 ||    72
 Stab: Distracted        |     1 |       ||     1
Armor: Scale mail        |    35 |     6 ||    41
Dodge: Dodged            |    15 |     2 ||    17

Table legend: (Time is in decaauts)
 A = Elapsed time spent in this place.
 B = Non-inter-level travel time spent in this place.
 C = Inter-level travel time spent in this place.
 D = Time resting spent in this place.
 E = Time spent auto-exploring this place.
 F = Levels seen in this place.
 G = Mean time per level.
                   A        B        C        D        E       F      G
               +--------+--------+--------+--------+--------+-----+--------+
         Total |   2569 |   2482 |     87 |     27 |   2122 |   3 |  856.3 |
       Dungeon |   2569 |   2482 |     87 |     27 |   2122 |   3 |  856.3 |
               +--------+--------+--------+--------+--------+-----+--------+

Top non-repeatable levels by time:
     D:1: 1057 daAuts
     D:2: 970 daAuts
     D:3: 542 daAuts
